[Event "Caplin Hastings Masters 2023-24"]
[Site "Hastings"]
[Date "2024.01.02"]
[Round "6.16"]
[White "Brown, Thomas"]
[Black "Arkell, Keith C"]
[Result "1-0"]
[ECO "A40"]
[WhiteElo "2095"]
[BlackElo "2371"]
[Annotator "RC"]
[PlyCount "127"]
[EventDate "2023.12.18"]
[EventType "swiss"]
[EventCountry "ENG"]
[SourceTitle "playchess.com"]
[Source "ChessBase"]
[SourceQuality "1"]
[TimeControl "40/6000+30:3000+30"]

1. d4 e6 2. c4 Bb4+ 3. Nc3 c5 4. a3 Bxc3+ 5. bxc3 f5 6. e4 d6 7. exf5 exf5 8. dxc5 dxc5 9. Qxd8+ Kxd8 10. Bg5+ Ke8 11. O-O-O Nc6 12. Be2 Nge7 13. Nh3 Kf7 14. Bxe7 Nxe7 15. Ng5+ Ke8 16. Rd6 Bd7 17. Bf3 Bc6 18. Bxc6+ bxc6 19. Re1 Rc8 20. Rde6 Rc7 21. R6e5 Rd7 22. Rxf5 h6 23. Nf3 Rf8 24. Rxc5 Kd8 25. Rce5 Ng6 26. R5e4 Rf5 27. Rd1 Rxd1+ 28. Kxd1 Ra5 29. Rg4 Ne7 30. Kc2 g6 31. Kb3 Rf5 32. Rd4+ Kc7 33. Rd2 c5 34. Re2 Nc6 35. Re6 g5 36. h3 Na5+ 37. Ka2 Nxc4 38. Rxh6 Rf8 39. Re6 a5 40. Re4 Nd6 41. Re5 Kc6 42. a4 Rf4 43. Rxg5 Rxa4+ 44. Kb3 Ra1 45. Ne5+ Kc7 46. Rg7+ Kb6 47. Nc4+ Nxc4 48. Kxc4 a4 49. Rg6+ Kb7 50. Kxc5 Rb1 51. Rg4 a3 52. Ra4 Rb2 53. Rxa3 Rxf2 54. Ra4 Rxg2 55. Rh4 Kc7 56. Rh8 Rg5+ 57. Kb4 Kd6 58. h4 Rg7 59. h5 Rb7+ 60. Kc4 Ke6 61. h6 Kf6 62. Rd8 Rh7 63. Kd5 Ra7 64. c4 1-0

[Event "Caplin Hastings Masters 2023-24"]
[Site "Hastings"]
[Date "2024.01.02"]
[Round "6.17"]
[White "Unuk, Laura"]
[Black "Pert, Max"]
[Result "1/2-1/2"]
[ECO "A03"]
[WhiteElo "2345"]
[BlackElo "1950"]
[Annotator "RC"]
[PlyCount "93"]
[EventDate "2023.12.18"]
[EventType "swiss"]
[EventCountry "ENG"]
[SourceTitle "playchess.com"]
[Source "ChessBase"]
[SourceQuality "1"]
[TimeControl "40/6000+30:3000+30"]

1. Nf3 d5 2. e3 Nf6 3. b3 g6 4. Bb2 Bg7 5. Be2 c5 6. O-O Nc6 7. Ne5 Qc7 8. f4 O-O 9. Qc1 Rd8 10. Bf3 d4 11. Bxc6 bxc6 12. d3 Nh5 13. Nc4 Bh6 14. Nba3 f6 15. Qe1 dxe3 16. g3 Nxf4 17. gxf4 Bxf4 18. Rxf4 Qxf4 19. Qxe3 Qg4+ 20. Qg3 Qh5 21. Ne3 e5 22. Nac4 Be6 23. Rf1 Kg7 24. Nd2 Bd5 25. Ng4 Rf8 26. c4 Qg5 27. cxd5 Qxd2 28. Bxe5 fxe5 29. Qxe5+ Kg8 30. Qe6+ Kg7 31. Qe7+ Kg8 32. Qe6+ Kg7 33. Qe7+ Kg8 34. Nf6+ Rxf6 35. Qxf6 Qe3+ 36. Kh1 cxd5 37. Qf7+ Kh8 38. Qf6+ Kg8 39. Qf7+ Kh8 40. Qxd5 Re8 41. Qd6 Kg8 42. a4 Qd4 43. Qc6 Qe5 44. a5 Rd8 45. Qe4 Qd5 46. Rc1 Qxb3 47. Rxc5 1/2-1/2

[Event "Caplin Hastings Masters 2023-24"]
[Site "Hastings"]
[Date "2024.01.02"]
[Round "6.18"]
[White "White, Stuart A"]
[Black "Grutter, Tim"]
[Result "0-1"]
[ECO "A20"]
[WhiteElo "2014"]
[BlackElo "2342"]
[Annotator "RC"]
[PlyCount "110"]
[EventDate "2023.12.18"]
[EventType "swiss"]
[EventCountry "ENG"]
[SourceTitle "playchess.com"]
[Source "ChessBase"]
[SourceQuality "1"]
[TimeControl "40/6000+30:3000+30"]

1. c4 e5 2. g3 Nf6 3. Bg2 c6 4. Nf3 e4 5. Nd4 Qb6 6. Nb3 a5 7. d3 a4 8. N3d2 Bc5 9. Nxe4 Nxe4 10. Bxe4 d5 11. cxd5 cxd5 12. Bxd5 Bxf2+ 13. Kd2 Ra5 14. Nc3 Na6 15. e4 O-O 16. Qf3 Bd4 17. Ke2 a3 18. Bb3 Be6 19. Be3 axb2 20. Rab1 Bxb3 21. Rxb2 Bxe3 22. Qxe3 Qxe3+ 23. Kxe3 Be6 24. Rxb7 Nc5 25. Rb4 Ra3 26. Rc1 Rfa8 27. Rb5 Na4 28. Nd5 Bxd5 29. Rxd5 Rc3 30. Rb1 Rcc8 31. Rb7 Nc5 32. Rb5 Ne6 33. Ra5 g6 34. a4 Kg7 35. Rxa8 Rxa8 36. a5 Nd8 37. a6 Nc6 38. e5 Rxa6 39. Ke4 Kf8 40. Rc5 Ra4+ 41. Ke3 Ne7 42. h3 Nf5+ 43. Kf3 Ke7 44. g4 Nd4+ 45. Ke3 Ke6 46. Rc7 Rb4 47. Rc5 Ke7 48. Rc7+ Kf8 49. Rd7 Ne6 50. Rd6 Rb1 51. Kf3 Re1 52. d4 Ke7 53. h4 Rf1+ 54. Kg3 Rd1 55. d5 Nc7 0-1

[Event "Caplin Hastings Masters 2023-24"]
[Site "Hastings"]
[Date "2024.01.02"]
[Round "6.19"]
[White "Suez-Panama, Gilles"]
[Black "Villiers, Thomas"]
[Result "0-1"]
[ECO "A08"]
[WhiteElo "1868"]
[BlackElo "2230"]
[Annotator "RC"]
[PlyCount "97"]
[EventDate "2023.12.18"]
[EventType "swiss"]
[EventCountry "ENG"]
[SourceTitle "playchess.com"]
[Source "ChessBase"]
[SourceQuality "1"]
[TimeControl "40/6000+30:3000+30"]

1. Nf3 c5 2. g3 Nc6 3. Bg2 g6 4. O-O Bg7 5. d3 e6 6. c3 Nge7 7. e4 d5 8. Nbd2 O-O 9. Re1 Qc7 10. Qe2 b5 11. Nf1 Bb7 12. e5 d4 13. Bg5 Nd5 14. cxd4 cxd4 15. Rac1 h6 16. Bd2 Rac8 17. h4 Qb6 18. h5 gxh5 19. Qe4 Nde7 20. Qh4 Ng6 21. Qxh5 Ncxe5 22. Rxc8 Nxf3+ 23. Bxf3 Rxc8 24. Bxb7 Qxb7 25. Nh2 Qd5 26. Qh3 h5 27. g4 Rc2 28. gxh5 Rxd2 29. hxg6 Qg5+ 30. Qg4 Qxg4+ 31. Nxg4 Rxd3 32. gxf7+ Kxf7 33. Ne5+ Bxe5 34. Rxe5 a6 35. Re2 Rd1+ 36. Kg2 Kf6 37. b3 Kf5 38. f3 b4 39. Kf2 e5 40. Rb2 Kf4 41. Re2 Rc1 42. Re4+ Kf5 43. Re2 d3 44. Rd2 Rc2 45. Ke3 Rxd2 46. Kxd2 Kf4 47. Kxd3 Kxf3 48. Kc4 e4 49. Kd4 0-1

[Event "Caplin Hastings Masters 2023-24"]
[Site "Hastings"]
[Date "2024.01.02"]
[Round "6.20"]
[White "Gormally, Daniel W"]
[Black "Liu, Tianyi"]
[Result "1-0"]
[ECO "D76"]
[WhiteElo "2442"]
[BlackElo "2022"]
[Annotator "RC"]
[PlyCount "81"]
[EventDate "2023.12.18"]
[EventType "swiss"]
[EventCountry "ENG"]
[SourceTitle "playchess.com"]
[Source "ChessBase"]
[SourceQuality "1"]
[TimeControl "40/6000+30:3000+30"]

1. d4 Nf6 2. c4 g6 3. Nf3 Bg7 4. g3 O-O 5. Bg2 d5 6. cxd5 Nxd5 7. e4 Nb6 8. O-O Nc6 9. d5 Na5 10. Nc3 c6 11. Re1 Re8 12. Bf4 cxd5 13. exd5 Bxc3 14. bxc3 Nxd5 15. Bg5 f6 16. Bh6 Bg4 17. Qd4 Bxf3 18. Bxf3 Nb6 19. Qb4 Nbc4 20. Rad1 Qc7 21. Bd5+ Kh8 22. Bf7 Ne5 23. Bxe8 Rxe8 24. Qb5 Nac6 25. Qd5 e6 26. Qe4 g5 27. Re2 Nf7 28. Red2 Nce5 29. f4 Qb6+ 30. Rd4 Nc6 31. fxg5 Nxd4 32. cxd4 fxg5 33. Bxg5 Nxg5 34. Qe5+ Kg8 35. Qxg5+ Kh8 36. Qe5+ Kg8 37. Rf1 Rd8 38. Qg5+ Kh8 39. Qf6+ Kg8 40. Rf4 h5 41. Qg6+ 1-0

[Event "Caplin Hastings Masters 2023-24"]
[Site "Hastings"]
[Date "2024.01.02"]
[Round "6.21"]
[White "Boswell, Jacob Connor"]
[Black "Hng, Mei-Xian Eunice"]
[Result "1-0"]
[ECO "B07"]
[WhiteElo "2235"]
[BlackElo "2014"]
[Annotator "RC"]
[PlyCount "71"]
[EventDate "2023.12.18"]
[EventType "swiss"]
[EventCountry "ENG"]
[SourceTitle "playchess.com"]
[Source "ChessBase"]
[SourceQuality "1"]
[TimeControl "40/6000+30:3000+30"]

1. e4 d6 2. d4 Nf6 3. Nc3 g6 4. Be3 Bg7 5. Qd2 c6 6. Bh6 Bxh6 7. Qxh6 Qa5 8. O-O-O Be6 9. d5 Bg4 10. Nf3 Nbd7 11. h3 Bxf3 12. gxf3 c5 13. Qe3 a6 14. f4 Qc7 15. Re1 O-O 16. e5 Nh5 17. h4 b5 18. Bg2 Rab8 19. Bf3 Ng7 20. h5 b4 21. Nd1 c4 22. hxg6 fxg6 23. Bg4 b3 24. axb3 cxb3 25. c3 Rfe8 26. Rxh7 Nf8 27. Rh4 Qc4 28. Qh3 Qxf4+ 29. Re3 Nf5 30. Bxf5 Qxf5 31. Rh8+ Kg7 32. Qh6+ Kf7 33. Rh7+ Nxh7 34. Qxh7+ Kf8 35. Qh8+ Kf7 36. e6+ 1-0

[Event "Caplin Hastings Masters 2023-24"]
[Site "Hastings"]
[Date "2024.01.02"]
[Round "6.22"]
[White "Hobson, Kenneth"]
[Black "Rami, Talab"]
[Result "1-0"]
[ECO "C02"]
[WhiteElo "2130"]
[BlackElo "1947"]
[Annotator "NA RC"]
[PlyCount "81"]
[EventDate "2023.12.18"]
[EventType "swiss"]
[EventCountry "ENG"]
[SourceTitle "playchess.com"]
[Source "ChessBase"]
[SourceQuality "1"]
[TimeControl "40/6000+30:3000+30"]

1. e4 e6 2. d4 d5 3. e5 c5 4. c3 Nc6 5. Nf3 Qb6 6. Bd3 cxd4 7. O-O Bd7 8. Re1 Rc8 9. a3 Nh6 10. b4 dxc3 11. Nxc3 Ng4 12. Ra2 Nxb4 13. axb4 Rxc3 14. h3 Nh6 15. Be3 Qd8 16. Rxa7 Bxb4 17. Qb1 Be7 18. Qxb7 Bc6 19. Bb5 Bxb5 20. Qxb5+ Kf8 21. Rxe7 Rxe3 22. Rb7 Rxe1+ 23. Nxe1 g6 24. Rb8 Kg7 25. Rxd8 Rxd8 26. g4 Ng8 27. Qc5 Rd7 28. Nf3 Ne7 29. Nd4 h5 30. gxh5 gxh5 31. Qc1 Ng6 32. Qg5 Ra7 33. Qf6+ Kh7 34. Nf3 Rb7 35. Kh2 d4 36. Ng5+ Kh6 37. Nxf7+ Kh7 38. Ng5+ Kh6 39. Nxe6 d3 40. Qg5+ Kh7 41. Qxh5+ 1-0

[Event "Caplin Hastings Masters 2023-24"]
[Site "Hastings"]
[Date "2024.01.02"]
[Round "6.23"]
[White "Steiners, Emils"]
[Black "Southcott-Moyers, Indy"]
[Result "1/2-1/2"]
[ECO "D36"]
[WhiteElo "1993"]
[BlackElo "2123"]
[Annotator "NA RC"]
[PlyCount "68"]
[EventDate "2023.12.18"]
[EventType "swiss"]
[EventCountry "ENG"]
[SourceTitle "playchess.com"]
[Source "ChessBase"]
[SourceQuality "1"]
[TimeControl "40/6000+30:3000+30"]

1. d4 d5 2. c4 e6 3. Nc3 Nf6 4. cxd5 exd5 5. Bg5 Be7 6. e3 c6 7. Qc2 Nbd7 8. Bd3 Nh5 9. Bxe7 Qxe7 10. O-O-O Nb6 11. h3 g6 12. Nf3 Be6 13. Kb1 O-O-O 14. Rhe1 Kb8 15. Na4 Nxa4 16. Qxa4 Ng7 17. Rc1 Bf5 18. Bxf5 Nxf5 19. Rc3 Nd6 20. Qb4 Nc8 21. Qxe7 Nxe7 22. Ne5 Rhf8 23. Kc2 Nf5 24. b3 Nd6 25. Kd1 Kc7 26. f3 Rde8 27. Kd2 f6 28. Nd3 Re7 29. g4 Kd8 30. a4 a6 31. Nc5 Rfe8 32. Nd3 Rf8 33. Rc2 Rfe8 34. Rc3 Rf8 1/2-1/2

[Event "Caplin Hastings Masters 2023-24"]
[Site "Hastings"]
[Date "2024.01.02"]
[Round "6.24"]
[White "Banerjee, Supratit"]
[Black "Ismail, Mohammed Aayan"]
[Result "0-1"]
[ECO "B15"]
[WhiteElo "1974"]
[BlackElo "2115"]
[Annotator "NA RC"]
[PlyCount "110"]
[EventDate "2023.12.18"]
[EventType "swiss"]
[EventCountry "ENG"]
[SourceTitle "playchess.com"]
[Source "ChessBase"]
[SourceQuality "1"]
[TimeControl "40/6000+30:3000+30"]

1. e4 c6 2. d4 d5 3. Nd2 dxe4 4. Nxe4 Nf6 5. Nxf6+ exf6 6. c3 Bd6 7. Bd3 O-O 8. Qc2 Re8+ 9. Ne2 h5 10. Be3 Nd7 11. O-O-O Nf8 12. Ng3 Be6 13. c4 h4 14. Nf5 Ng6 15. g3 h3 16. Rhe1 b5 17. d5 cxd5 18. c5 Bf8 19. Nd4 Bxc5 20. Qxc5 Rc8 21. Nc6 Qd7 22. Bxb5 a6 23. Ba4 Ne5 24. Kb1 Nxc6 25. Rc1 Bf5+ 26. Ka1 Re6 27. Bd2 Rxe1 28. Bxe1 Qe8 29. Bxc6 Bd7 30. Qxd5 Rxc6 31. Bc3 Be6 32. Qa5 Qd7 33. a3 Qd3 34. Re1 Qc4 35. Kb1 Qd3+ 36. Ka1 Qc4 37. Kb1 Rc5 38. Qd8+ Kh7 39. Qd4 Qa2+ 40. Kc1 Rd5 41. Qe4+ Bf5 42. Qxd5 Qxd5 43. Re3 Qh1+ 44. Kd2 Qxh2 45. Rf3 Bg4 46. Rf4 f5 47. Ke3 Qg1 48. Kd4 h2 49. Kc5 h1=Q 50. Kb4 Qb7+ 51. Kc5 Qd1 52. Rd4 Qc7+ 53. Kb4 a5+ 54. Kb5 Be2+ 55. Rd3 Bxd3# 0-1

[Event "Caplin Hastings Masters 2023-24"]
[Site "Hastings"]
[Date "2024.01.02"]
[Round "6.25"]
[White "Teh, Wee Zhun"]
[Black "Bai, Xue"]
[Result "0-1"]
[ECO "C52"]
[WhiteElo "1858"]
[BlackElo "2099"]
[Annotator "NA RC"]
[PlyCount "80"]
[EventDate "2023.12.18"]
[EventType "swiss"]
[EventCountry "ENG"]
[SourceTitle "playchess.com"]
[Source "ChessBase"]
[SourceQuality "1"]
[TimeControl "40/6000+30:3000+30"]

1. e4 e5 2. Nf3 Nc6 3. Bc4 Bc5 4. b4 Bxb4 5. c3 Ba5 6. d4 exd4 7. Qb3 Qe7 8. O-O Bb6 9. cxd4 Na5 10. Qa4 Nxc4 11. Qxc4 d6 12. e5 d5 13. Qxd5 Qe6 14. Nc3 Qxd5 15. Nxd5 Be6 16. Nf4 Bc4 17. Rd1 O-O-O 18. Be3 Ne7 19. Nd2 Bd5 20. Nxd5 Rxd5 21. Nc4 Nc6 22. Nxb6+ axb6 23. Rd2 Kd7 24. Kf1 Ra8 25. f4 Ke6 26. g4 Rda5 27. d5+ Rxd5 28. f5+ Kxe5 29. Bf4+ Ke4 30. Rf2 Rd3 31. Bxc7 b5 32. Rc1 Raa3 33. Rc5 b4 34. Rb5 Rf3 35. Rxb7 Rxf2+ 36. Kxf2 Rxa2+ 37. Kg3 Ra7 38. Rxa7 Nxa7 39. Ba5 Nc6 40. Bb6 b3 0-1

[Event "Caplin Hastings Masters 2023-24"]
[Site "Hastings"]
[Date "2024.01.02"]
[Round "6.26"]
[White "Weersing, Abigail Riis"]
[Black "Vasiliadis, Theodoros"]
[Result "0-1"]
[ECO "E70"]
[WhiteElo "2056"]
[BlackElo "1845"]
[Annotator "NA RC"]
[PlyCount "84"]
[EventDate "2023.12.18"]
[EventType "swiss"]
[EventCountry "ENG"]
[SourceTitle "playchess.com"]
[Source "ChessBase"]
[SourceQuality "1"]
[TimeControl "40/6000+30:3000+30"]

1. d4 Nf6 2. c4 g6 3. Nc3 Bg7 4. e4 d6 5. Nge2 Nbd7 6. Ng3 h5 7. Be2 h4 8. Nf1 h3 9. g4 c5 10. d5 Nb6 11. a4 Rb8 12. Bf4 Bxg4 13. Bxg4 Nxc4 14. Be2 Nh5 15. Bc1 Na5 16. Be3 a6 17. Ng3 Nxg3 18. fxg3 Qb6 19. Rb1 Qb4 20. Qd3 c4 21. Qc2 Nb3 22. Rd1 b5 23. axb5 axb5 24. O-O Be5 25. Rf3 Nc5 26. Bd4 Nd3 27. Bxe5 Nxe5 28. Rff1 Qc5+ 29. Kh1 b4 30. Nb1 c3 31. bxc3 b3 32. Qd2 Qa5 33. c4 Rb4 34. Qc3 O-O 35. Nd2 Qb6 36. Nb1 Ra8 37. Rd2 Ra2 38. Rfd1 Rc2 39. Qa1 Qf2 40. Qa8+ Kg7 41. Bf1 Rxd2 42. Nxd2 Ng4 0-1

[Event "Caplin Hastings Masters 2023-24"]
[Site "Hastings"]
[Date "2024.01.02"]
[Round "6.27"]
[White "Dewangan, Aayush"]
[Black "Evenshaug, Amadeus Hestvik"]
[Result "0-1"]
[ECO "B90"]
[WhiteElo "1655"]
[BlackElo "2041"]
[Annotator "RC"]
[PlyCount "168"]
[EventDate "2023.12.18"]
[EventType "swiss"]
[EventCountry "ENG"]
[SourceTitle "playchess.com"]
[Source "ChessBase"]
[SourceQuality "1"]
[TimeControl "40/6000+30:3000+30"]

1. e4 c5 2. Nf3 d6 3. d4 cxd4 4. Nxd4 Nf6 5. Nc3 a6 6. Be3 e5 7. Nb3 Be6 8. h3 d5 9. exd5 Nxd5 10. Nxd5 Qxd5 11. Qxd5 Bxd5 12. O-O-O Bc6 13. Na5 Bb4 14. Nc4 Nd7 15. a3 Be7 16. Na5 Rc8 17. Nxc6 Rxc6 18. g4 Bc5 19. Rd5 Bxe3+ 20. fxe3 Ke7 21. Bg2 Rhc8 22. Be4 Rc5 23. Rhd1 Rxd5 24. Bxd5 Rc7 25. b3 Nc5 26. e4 b6 27. Kb2 Rd7 28. Rf1 Ne6 29. c4 Nf4 30. Rf3 f6 31. Rc3 Rc7 32. Kc2 Ne2 33. Re3 Nd4+ 34. Kd2 a5 35. Rc3 Kd6 36. b4 axb4 37. axb4 Ra7 38. c5+ bxc5 39. Rxc5 Ra3 40. Ra5 Rxa5 41. bxa5 Kc5 42. Bg8 Kb5 43. Bxh7 Nf3+ 44. Kc3 Ng5 45. Bf5 Nxh3 46. a6 Kxa6 47. Kc4 Nf2 48. Kd5 Kb6 49. Ke6 Kc6 50. Kf7 Kd6 51. Kxg7 Ke7 52. Kg6 Nd3 53. Kh5 Kf7 54. Kh4 Kg7 55. Kg3 Kh6 56. Kh4 Nc5 57. Kg3 Kg5 58. Kf3 Kh4 59. Bc8 Nb3 60. Ke3 Kg3 61. Bd7 Nd4 62. Bc8 Nf3 63. Bf5 Nh2 64. Ke2 Nxg4 65. Bh7 Kf4 66. Bf5 Ne3 67. Bh7 Nc4 68. Kd3 Nd6 69. Bg6 Nb5 70. Bf5 Nc7 71. Bg6 Ne6 72. Kc4 Nd4 73. Kd3 Nf3 74. Bf5 Ng5 75. Bg6 Nh3 76. Ke2 Ng1+ 77. Kf2 Nf3 78. Ke2 Nd4+ 79. Kd3 Ne6 80. Kc4 Ke3 81. Bf5 Nd4 82. Kd5 Nxf5 83. exf5 Kf4 84. Ke6 Kg5 0-1

[Event "Caplin Hastings Masters 2023-24"]
[Site "Hastings"]
[Date "2024.01.02"]
[Round "6.28"]
[White "Ahn, Sungmin"]
[Black "Lahlum, Hans Olav"]
[Result "1/2-1/2"]
[ECO "C18"]
[WhiteElo "1836"]
[BlackElo "2037"]
[Annotator "RC"]
[PlyCount "115"]
[EventDate "2023.12.18"]
[EventType "swiss"]
[EventCountry "ENG"]
[SourceTitle "playchess.com"]
[Source "ChessBase"]
[SourceQuality "1"]
[TimeControl "40/6000+30:3000+30"]

1. e4 e6 2. d4 d5 3. Nc3 Bb4 4. e5 c5 5. a3 Bxc3+ 6. bxc3 Ne7 7. Qg4 O-O 8. Bd3 f5 9. exf6 Rxf6 10. Bg5 Rf7 11. Qh4 h6 12. Nf3 c4 13. Bg6 Nxg6 14. Bxd8 Nxh4 15. Bxh4 Nc6 16. Rb1 b6 17. Bg3 Bd7 18. Kd2 g5 19. h4 g4 20. Nh2 h5 21. Rhf1 Ne7 22. Rbe1 Nf5 23. Re5 Raf8 24. Bf4 Nxh4 25. Rg5+ Rg7 26. Rxh5 Rxf4 27. Rxh4 Re4 28. Re1 Rxe1 29. Kxe1 g3 30. fxg3 Rxg3 31. Rg4+ Rxg4 32. Nxg4 Kg7 33. Kf2 Ba4 34. Ne3 Kf6 35. Kf3 Kg5 36. g3 Be8 37. g4 Bg6 38. Kg3 Be4 39. Nd1 Bxc2 40. Nf2 b5 41. Nh3+ Kf6 42. Kf4 a5 43. Nf2 Bh7 44. g5+ Ke7 45. Ng4 Kd6 46. Ne5 Bf5 47. g6 Ke7 48. Ke3 Kf6 49. Kd2 Bxg6 50. Nc6 a4 51. Ke3 Be8 52. Ne5 Bg6 53. Nc6 Be8 54. Ne5 Kf5 55. Kf3 Bh5+ 56. Ke3 Be8 57. Kf3 Bh5+ 58. Ke3 1/2-1/2

[Event "Caplin Hastings Masters 2023-24"]
[Site "Hastings"]
[Date "2024.01.02"]
[Round "6.29"]
[White "Rayner, Francis"]
[Black "Park, Inchan"]
[Result "1-0"]
[ECO "A10"]
[WhiteElo "2035"]
[BlackElo "1768"]
[Annotator "NA RC"]
[PlyCount "75"]
[EventDate "2023.12.18"]
[EventType "swiss"]
[EventCountry "ENG"]
[SourceTitle "playchess.com"]
[Source "ChessBase"]
[SourceQuality "1"]
[TimeControl "40/6000+30:3000+30"]

1. c4 b6 2. Nc3 Bb7 3. e4 e5 4. Nf3 Nc6 5. a3 Nf6 6. Bd3 Be7 7. b4 d6 8. Bb2 O-O 9. O-O Nb8 10. Re1 c5 11. b5 Nbd7 12. Bf1 Ne8 13. a4 f5 14. d3 f4 15. a5 Nc7 16. Nd2 Nf6 17. Be2 Rb8 18. axb6 axb6 19. Ra7 Qe8 20. Nd5 Ncxd5 21. exd5 Qg6 22. Qc2 h5 23. Bf3 Qh6 24. Bxe5 dxe5 25. d6 Bxd6 26. Bxb7 g5 27. Ne4 Nxe4 28. Bd5+ Kh8 29. Bxe4 Kg8 30. Rea1 Rfe8 31. d4 exd4 32. Rh7 Qf6 33. Bd5+ Re6 34. Raa7 Bf8 35. Rxh5 Bg7 36. Bxe6+ Qxe6 37. Qh7+ Kf8 38. Qxg7+ 1-0

[Event "Caplin Hastings Masters 2023-24"]
[Site "Hastings"]
[Date "2024.01.02"]
[Round "6.30"]
[White "Rudd, Jack"]
[Black "Verbytski, Oleg"]
[Result "1-0"]
[ECO "D36"]
[WhiteElo "2314"]
[BlackElo "1771"]
[Annotator "RC"]
[PlyCount "123"]
[EventDate "2023.12.18"]
[EventType "swiss"]
[EventCountry "ENG"]
[SourceTitle "playchess.com"]
[Source "ChessBase"]
[SourceQuality "1"]
[TimeControl "40/6000+30:3000+30"]

1. d4 d5 2. c4 e6 3. Nc3 Nf6 4. cxd5 exd5 5. Bg5 Nbd7 6. e3 Be7 7. Bd3 O-O 8. Qc2 Re8 9. Nf3 c6 10. O-O h6 11. Bf4 Nf8 12. h3 Bd6 13. Bxd6 Qxd6 14. Rab1 a5 15. a3 N8d7 16. b4 b5 17. bxa5 Qxa3 18. Bxb5 Qd6 19. Bd3 Rxa5 20. Rfc1 Ba6 21. Bf5 Bc4 22. Nd2 c5 23. Nxc4 dxc4 24. Nb5 Qe7 25. Qxc4 cxd4 26. Nxd4 Ne5 27. Qc3 Ra3 28. Qc7 g6 29. Qxe7 Rxe7 30. Rc8+ Kg7 31. Bc2 h5 32. Rb5 Ra1+ 33. Kh2 Rf1 34. f3 h4 35. Rb1 Rxb1 36. Bxb1 Nh5 37. f4 Nd7 38. Rc3 Ndf6 39. Nc6 Rc7 40. Rc5 Ng3 41. Kg1 Rd7 42. Nd4 Nd5 43. Kf2 Nxf4 44. Rc4 Nfh5 45. Bc2 g5 46. Rc5 f6 47. Kf3 Rb7 48. Ne6+ Kh6 49. Rc8 f5 50. Rc6 Rf7 51. Nd4+ Kg7 52. Bb3 Rf6 53. Rc7+ Kg6 54. Nc6 Kh6 55. Ne7 Ra6 56. Ng8+ Kg6 57. Bf7+ Kg7 58. Bc4+ Kg6 59. Bxa6 g4+ 60. hxg4 fxg4+ 61. Kxg4 h3 62. Bd3+ 1-0

[Event "Caplin Hastings Masters 2023-24"]
[Site "Hastings"]
[Date "2024.01.02"]
[Round "6.31"]
[White "Boggarapu, Kritan"]
[Black "Byron, Alan M"]
[Result "1-0"]
[ECO "B15"]
[WhiteElo "1857"]
[BlackElo "2134"]
[Annotator "NA RC"]
[PlyCount "75"]
[EventDate "2023.12.18"]
[EventType "swiss"]
[EventCountry "ENG"]
[SourceTitle "playchess.com"]
[Source "ChessBase"]
[SourceQuality "1"]
[TimeControl "40/6000+30:3000+30"]

1. e4 c6 2. d4 d5 3. Nc3 dxe4 4. Nxe4 Nf6 5. Nxf6+ exf6 6. Nf3 Bd6 7. Be3 O-O 8. Qd2 Be6 9. c4 b5 10. d5 cxd5 11. c5 Be7 12. Bxb5 a6 13. Be2 Nd7 14. Rc1 Ne5 15. Nd4 Qc8 16. b4 Bg4 17. f3 Be6 18. O-O Rd8 19. Qc3 Nc6 20. a4 f5 21. b5 axb5 22. axb5 Na5 23. c6 Nc4 24. Bxc4 dxc4 25. Nxe6 Qxe6 26. Bf2 Ra4 27. c7 Rc8 28. Rfe1 Qd7 29. Rxe7 Qxe7 30. b6 Rb4 31. Qe3 Qd7 32. Qd4 Qxd4 33. Bxd4 f6 34. Rd1 Kf7 35. Bc5 Rb5 36. Rd8 c3 37. Be3 Re5 38. Rxc8 1-0

[Event "Caplin Hastings Masters 2023-24"]
[Site "Hastings"]
[Date "2024.01.02"]
[Round "6.32"]
[White "Damodaran, Patrick"]
[Black "Thompson, Ian D"]
[Result "0-1"]
[ECO "D60"]
[WhiteElo "1798"]
[BlackElo "2011"]
[Annotator "NA RC"]
[PlyCount "140"]
[EventDate "2023.12.18"]
[EventType "swiss"]
[EventCountry "ENG"]
[SourceTitle "playchess.com"]
[Source "ChessBase"]
[SourceQuality "1"]
[TimeControl "40/6000+30:3000+30"]

1. d4 d5 2. c4 e6 3. Nc3 Nf6 4. Nf3 Be7 5. Bg5 O-O 6. e3 Nbd7 7. Bd3 dxc4 8. Bxc4 c5 9. O-O cxd4 10. exd4 Nb6 11. Bd3 Nbd5 12. Nxd5 Nxd5 13. Bxe7 Qxe7 14. Ne5 b6 15. Be4 Bb7 16. Rc1 Rfc8 17. Re1 Rxc1 18. Qxc1 Rc8 19. Qb1 Nf6 20. Bxb7 Qxb7 21. Qd3 Qd5 22. Qa6 Rc7 23. Rd1 g6 24. h3 Kg7 25. b3 Qe4 26. Qd3 Qxd3 27. Rxd3 Rc1+ 28. Kh2 Rc2 29. a4 Rxf2 30. Nc6 a5 31. Ne7 Kf8 32. Nc8 Nd5 33. Nd6 Ke7 34. Nc4 g5 35. Kg1 Rc2 36. g3 f6 37. Rf3 Rc1+ 38. Kf2 Rd1 39. Ne3 Rd2+ 40. Ke1 Rxd4 41. Nxd5+ Rxd5 42. Ke2 h5 43. Rc3 Rd4 44. Ke3 Rb4 45. Rd3 f5 46. Kf3 h4 47. gxh4 Rxh4 48. Kg3 Rb4 49. Kf3 e5 50. Kg3 Ke6 51. Kg2 f4 52. h4 gxh4 53. Kh3 Kf5 54. Rc3 Ke4 55. Kg2 Rd4 56. b4 axb4 57. Rb3 Kd5 58. a5 bxa5 59. Kf2 Kc4 60. Rh3 Rd2+ 61. Ke1 Ra2 62. Kd1 b3 63. Kc1 a4 64. Kb1 Rg2 65. Rh1 a3 66. Rd1 h3 67. Ka1 h2 68. Kb1 Rg1 69. Kc1 Kc3 70. Rf1 Rxf1# 0-1

[Event "Caplin Hastings Masters 2023-24"]
[Site "Hastings"]
[Date "2024.01.02"]
[Round "6.33"]
[White "ONUOHA, Obioma"]
[Black "Blades, Kit"]
[Result "1-0"]
[ECO "B40"]
[WhiteElo "1995"]
[BlackElo "1771"]
[Annotator "NA RC"]
[PlyCount "87"]
[EventDate "2023.12.18"]
[EventType "swiss"]
[EventCountry "ENG"]
[SourceTitle "playchess.com"]
[Source "ChessBase"]
[SourceQuality "1"]
[TimeControl "40/6000+30:3000+30"]

1. e4 c5 2. Nf3 e6 3. d4 cxd4 4. Nxd4 Nc6 5. Nxc6 bxc6 6. Bd3 d5 7. O-O Nf6 8. e5 Nd7 9. f4 Qb6+ 10. Kh1 g6 11. Nd2 Be7 12. a4 a5 13. Nf3 Ba6 14. Qe2 c5 15. c4 d4 16. Ra3 Rb8 17. Nd2 Qc7 18. Bc2 Rb4 19. Rh3 Nb6 20. b3 Nd5 21. Ne4 Rb8 22. Bd2 Nb4 23. Bxb4 axb4 24. Rh6 Bb7 25. Ng5 Bxg5 26. fxg5 Rd8 27. Bd3 Qe7 28. Qg4 Qf8 29. Rf6 Qg7 30. Kg1 Rd7 31. Qf4 Qf8 32. Qh4 Qg7 33. Qh3 Re7 34. Kf2 O-O 35. Qh4 Ra8 36. Qg3 Kf8 37. Qh4 Kg8 38. Kg1 Bc6 39. Kf2 Bb7 40. Qf4 Kf8 41. Bxg6 Ke8 42. Rxh7 fxg6 43. Rxg7 Rxg7 44. Rxe6+ 1-0

[Event "Caplin Hastings Masters 2023-24"]
[Site "Hastings"]
[Date "2024.01.02"]
[Round "6.34"]
[White "Alcindor, Samuel"]
[Black "Sugden, John N"]
[Result "0-1"]
[ECO "A26"]
[WhiteElo "1714"]
[BlackElo "1968"]
[Annotator "NA RC"]
[PlyCount "114"]
[EventDate "2023.12.18"]
[EventType "swiss"]
[EventCountry "ENG"]
[SourceTitle "playchess.com"]
[Source "ChessBase"]
[SourceQuality "1"]
[TimeControl "40/6000+30:3000+30"]

1. c4 g6 2. Nc3 Bg7 3. g3 e5 4. Bg2 Nc6 5. e4 d6 6. Nge2 Nge7 7. d3 Be6 8. O-O O-O 9. Nd5 f5 10. Be3 Qd7 11. Rb1 Rae8 12. b4 Nc8 13. a4 Nd8 14. b5 c6 15. bxc6 bxc6 16. Ndc3 f4 17. Bd2 f3 18. Bh1 fxe2 19. Qxe2 Bh3 20. Rfc1 Ne6 21. Rb2 Nd4 22. Qd1 Bg4 23. Qe1 Nf3+ 24. Bxf3 Bxf3 25. Qf1 Rf7 26. Rcb1 Ref8 27. Be3 h5 28. h4 Kh7 29. Kh2 Bh6 30. Qe1 Bxe3 31. Qxe3 Qe6 32. a5 Bg4 33. Kg1 Rf3 34. Qe1 R8f7 35. Qd2 Rg7 36. Rb8 Ne7 37. Re8 Rg8 38. Rbb8 Rxe8 39. Rxe8 Qd7 40. Rb8 Rf7 41. Qg5 Qc7 42. Re8 Ng8 43. Qd8 Qxd8 44. Rxd8 Rd7 45. Rb8 Kg7 46. Kg2 Kf7 47. f3 Be6 48. Na2 Rc7 49. Nb4 Bc8 50. a6 Ne7 51. Kf2 c5 52. Nc2 Bxa6 53. Rd8 Ke6 54. Ne3 Bb7 55. Rb8 a5 56. Nc2 Bc6 57. Na3 Rb7 0-1